 Dungeon Crawl Stone Soup version 0.29-a0-23-ga79f92ac9c (webtiles) character file.

Game seed: 9364204657929753901

97239 Peloso the Peltast (level 15, -3/141 HPs)
             Began as a Minotaur Fighter on Jan 30, 2022.
             Was the Champion of Okawaru.
             Splashed by a goliath frog's acid (4 damage)
             ... while petrified by a basilisk
             ... on level 6 of the Lair of Beasts.
             The game lasted 01:13:40 (29357 turns).

Peloso the Peltast (Minotaur Fighter)              Turns: 29357, Time: 01:13:40

Health: -3/141     AC:  9    Str: 25    XL:     15   Next: 71%
Magic:  15/15      EV:  2    Int:  5    God:    Okawaru [******]
Gold:   889        SH:  0    Dex: 22    Spells: 14/14 levels left

rFire   + . .      SeeInvis .   b - +4 scimitar (flame)
rCold   + + .      Faith    .   c - +0 tower shield
rNeg    + + +      Spirit   .   r - +7 Kryia's mail coat {PotionHeal*2 rC+}
rPois   ∞          Reflect  .   v - +2 hat {Stlth+}
rElec   .          Harm     .   L - scarf {rC+ rF+}
rCorr   .          Rampage  .   Y - +0 pair of gloves {Dex+3}
Will    +....                   s - +0 pair of boots
Stlth   +++.......              g - amulet of the acrobat
HPRegen 0.33/turn               w - +4 ring of slaying
MPRegen 0.14/turn               J - +6 ring of dexterity

@: petrified, corroded, studying Necromancy
A: horns 2, retaliatory headbutt
a: Renounce Religion, Heroism, Finesse, Duel


You were on level 6 of the Lair of Beasts.
You worshipped Okawaru.
Okawaru was exalted by your worship.
You visited 4 branches of the dungeon, and saw 24 of its levels.
You also visited: Ice Cave.

You collected 2218 gold pieces.
You spent 1329 gold pieces at shops.

Inventory:

Hand Weapons
 a - the +5 scimitar "Xiotapte" {protect, rF+ rCorr SInv Stlth+}
   (You bought it in a shop on level 10 of the Dungeon)

   It grants its wielder temporary protection when it strikes (+7 to AC).
   rF:        It protects you from fire.
   SInv:      It lets you see invisible.
   rCorr:     It protects you from acid and corrosion.
   Stlth:     It makes you more stealthy.
 b - a +4 scimitar of flaming (weapon)
 e - the +5 dagger of Doom {flame, +Blink Int+3}
   (You found it on level 5 of the Dungeon)

   It burns those it strikes, dealing additional fire damage.
   Int:       It affects your intelligence (+3).
   +Blink:    It lets you blink.
Armour
 c - a +0 tower shield (worn)
 r - the +7 Kryia's mail coat (worn) {PotionHeal*2 rC+}
   (You found it on level 4 of the Dungeon)

   Potions are twice as effective at healing its wearer.
   rC:        It protects you from cold.
 s - a +0 pair of boots (worn)
 v - a +2 hat of stealth (worn)
 z - the +9 crystal plate armour of Counwe {Str+4}
   (Okawaru gifted it to you in an ice cave)

   Str:       It affects your strength (+4).
 L - a scarf of resistance (worn)
 Y - a +0 pair of gloves of dexterity (worn)
Jewellery
 g - an amulet of the acrobat (around neck)
 q - a ring of protection from fire
 w - a +4 ring of slaying (left hand)
 F - a ring of protection from cold
 G - the dreamshard necklace {*Dream Drain}
   (You took it off a gnoll on level 8 of the Dungeon)

   [amulet of nothing]

   It shatters if its wearer takes lethal or near-lethal damage, preventing the
   blow and releasing protective dreams that heal and fight for the wearer.
   Drain:     It drains your maximum health when unequipped.
 J - a +6 ring of dexterity (right hand)
Wands
 d - a wand of iceblast (3)
 j - a wand of acid (7)
 N - a wand of digging (2)
Scrolls
 f - 6 scrolls of teleportation
 h - 2 scrolls of acquirement
 k - 3 scrolls of enchant weapon
 l - 4 scrolls of immolation
 p - a scroll of enchant armour
 t - 3 scrolls of fog
 O - 8 scrolls of identify
 T - 3 scrolls of blinking
Potions
 i - a potion of cancellation
 m - 3 potions of lignification
 n - a potion of magic
 o - 8 potions of curing
 E - 5 potions of flight
 H - 6 potions of haste
 R - 2 potions of might
 V - 3 potions of heal wounds


   Skills:
 + Level 15.1 Fighting
 + Level 4.2(11.1) Short Blades
 + Level 17.0(17.2) Long Blades
 + Level 13.0 Armour
 + Level 10.6 Dodging
 + Level 4.6 Stealth
 + Level 18.0 Shields
 + Level 0.3 Unarmed Combat
 + Level 1.9 Invocations
 + Level 0.9 Evocations


You had 14 spell levels left.
You didn't know any spells.
Your spell library contained the following spells:

 Spells                   Type           Power      Damage    Failure   Level
 Magic Dart               Conj           0%         1d3       95%         1
 Pain                     Necr           0%         1d4       95%         1
 Corpse Rot               Necr/Air       0%         N/A       99%         2
 Poisonous Vapours        Pois/Air       0%         N/A       99%         2
 Static Discharge         Conj/Air       0%         N/A       99%         2
 Conjure Flame            Conj/Fire      0%         6-21      100%        3
 Frozen Ramparts          Ice            0%         1d2       100%        3
 Ignite Poison            Fire/Tmut/Pois 0%         N/A       100%        3
 Mephitic Cloud           Conj/Pois/Air  0%         N/A       100%        3
 Vampiric Draining        Necr           0%         2d6       100%        3
 Anguish                  Hex/Necr       0%         N/A       100%        4
 Hailstorm                Conj/Ice       0%         3d3       100%        4
 Ice Form                 Ice/Tmut       0%         N/A       100%        4
 Sticky Flame             Conj/Fire      0%         2d3       100%        4
 Freezing Cloud           Conj/Ice/Air   0%         6-21      100%        5
 Lightning Bolt           Conj/Air       0%         1d11      100%        5
 Enfeeble                 Hex            0%         N/A       100%        7
 Maxwell's Capacitive Co  Air            0%         ∞         100%        8
 Polar Vortex             Ice            0%         N/A       100%        9
 Animate Skeleton         Necr           Unusable   N/A       N/A         1
 Call Imp                 Summ           Unusable   N/A       N/A         2
 Tukima's Dance           Hex            Unusable   N/A       N/A         3
 Summon Ice Beast         Ice/Summ       Unusable   N/A       N/A         4
 Simulacrum               Ice/Necr       Unusable   N/A       N/A         6

Dungeon Overview and Level Annotations

Branches:
Dungeon (15/15)            Temple (1/1) D:4            Lair (6/6) D:11
 Shoals (0/4) Lair:4       Spider (0/4) Lair:2        Slime (0/5) Lair:5
    Orc (2/2) D:10            Elf (0/3) Orc:2        Vaults (0/5) D:13
 Depths (0/4) D:15          IceCv (visited)

Altars:
Ashenzari
Cheibriados
Dithmenos
Elyvilon
Fedhas
Gozag
Kikubaaqudgha
Makhleb
Nemelex Xobeh
Okawaru
Qazlal
Ru
Trog
Uskayaw
Vehumet
Wu Jian
Xom
Zin

Shops:
D:3 (   D:8 *   D:10 (   D:11 (=   D:14 *   Orc:1 !?=(*   Orc:2 !:!*

Annotations:
Orc:2 Casa


Innate Abilities, Weirdness & Mutations

You have a pair of horns on your head.
You reflexively headbutt those who attack you in melee.


Message History

You block the goliath frog's attack. You block the blink frog's attack.
Your limbs are stiffening.
The bullfrog croaks.
You slash the goliath frog! You burn the goliath frog.
The goliath frog is almost dead.
The blink frog blinks!
You block the goliath frog's attack.
You have turned to stone.
The goliath frog hits you.
* * * LOW HITPOINT WARNING * * *
You are splashed with acid!
* * * LOW HITPOINT WARNING * * *
The goliath frog hits you but does no damage.
The blink frog blinks!
The goliath frog hits you but does no damage.
The blink frog blinks!
The goliath frog hits you!
* * * LOW HITPOINT WARNING * * *
You are splashed with acid!
* * * LOW HITPOINT WARNING * * *
The bullfrog hits you.
* * * LOW HITPOINT WARNING * * *
The goliath frog hits you.
* * * LOW HITPOINT WARNING * * *
You are splashed with acid!
* * * LOW HITPOINT WARNING * * *
The bullfrog hits you.
* * * LOW HITPOINT WARNING * * *
The blink frog blinks!
The bullfrog hits you.
* * * LOW HITPOINT WARNING * * *
The goliath frog hits you but does no damage.
The bullfrog hits you.
* * * LOW HITPOINT WARNING * * *
The blink frog blinks!
The goliath frog hits you.
* * * LOW HITPOINT WARNING * * *
The acid corrodes you!
You are splashed with acid!
* * * LOW HITPOINT WARNING * * *
The bullfrog hits you but does no damage.
The goliath frog hits you.
* * * LOW HITPOINT WARNING * * *
You are splashed with acid!
You die...

..............P
.............P.#
#............#.P
.#.............# ###
............§...##....
...P...........#.......
.............†#........
.............F@........
....#........F.........
...................§...
#.....................
.####..#.....##........
..≈≈P≈...##..#######.##
≈....≈..###### .#
F≈......#### #
≈≈≈P.......#


You could see a goliath frog and a bullfrog.

Vanquished Creatures
  Rupert (Lair:4)
  A lich (D:12)
  Agnes (D:15)
  Donald (Orc:2)
  A stone giant (Orc:2)
  Snorg (Orc:1)
  2 ettins
  Fannar (Lair:2)
  2 yaktaur captains
  5 boulder beetles
  2 ogre magi (Orc:2)
  2 catoblepae (D:15)
  6 hydras
  2 death knights
  6 centaur warriors
  The ghost of Luph the Covert, a journeyman SpEn of Dithmenos (D:12)
  5 death yaks (Lair:3)
  14 two-headed ogres
  4 tengu warriors
  A fire crab (shapeshifter) (D:14)
  A skeletal warrior (D:14)
  4 deep trolls
  Pikel (D:6)
  A phantasmal warrior (D:12)
  A deep elf zephyrmancer (D:15)
  A deep elf pyromancer (D:14)
  11 ugly things
  2 necromancers
  An oklob plant (Lair:2)
  2 orc sorcerers (Orc:2)
  4 cyclopes
  3 manticores
  5 black mambas
  An ice statue (IceCv)
  A torpor snail (Lair:2)
  15 cane toads
  An unseen horror (D:13)
  2 rime drakes (Lair:6)
  2 efreet
  9 komodo dragons
  3 kobold demonologists
  4 tengu conjurers
  7 freezing wraiths
  2 yaktaurs (D:13)
  An entropy weaver simulacrum (IceCv)
  13 ice devils
  2 polar bears
  6 meliai
  10 trolls
  A wind drake (Lair:4)
  5 blink frogs
  7 slime creatures
  A centaur simulacrum (D:14)
  Sigmund (D:3)
  6 jumping spiders (Lair:2)
  2 shadows
  A culicivora (Lair:2)
  3 vampires (D:12)
  5 wraiths
  3 dire elephant simulacra (IceCv)
  5 basilisks
  36 yaks
  4 wyverns
  2 redbacks (Lair:2)
  A vampire mosquito (Lair:6)
  A steam dragon (D:6)
  5 death yak simulacra (IceCv)
  An acid dragon (D:11)
  2 harpy simulacra (IceCv)
  6 wargs
  13 water moccasins
  11 orc warriors
  A hornet zombie (D:8)
  An ice beast (D:6)
  2 black bears
  21 ogres
  4 wolves (Lair:6)
  16 centaurs
  2 lemures (D:6)
  5 kobold brigands
  Blork the orc (D:6)
  17 bullfrogs
  A two-headed ogre simulacrum (IceCv)
  3 cane toad simulacra (IceCv)
  A water moccasin zombie (D:6)
  3 elephant simulacra (IceCv)
  A water moccasin skeleton (D:5)
  9 killer bees
  14 wights
  7 electric eels
  7 howler monkeys
  2 bullfrog zombies (D:6)
  2 jellies
  10 orc priests
  4 centaur zombies
  A hound (D:5)
  3 gnoll shamans
  3 iguanas
  An iron imp (D:10)
  Ijyb (D:3)
  18 orc wizards
  A scorpion zombie (D:5)
  A spriggan simulacrum (IceCv)
  Natasha (thrice) (D:3)
  A troll simulacrum (IceCv)
  3 polar bear simulacra (IceCv)
  6 wolf simulacra (IceCv)
  A howler monkey zombie (D:8)
  An adder (D:2)
  12 gnolls
  A shadow imp (D:5)
  5 white imps
  A worm (D:3)
  3 dart slugs
  57 orcs
  13 ball pythons
  6 endoplasms
  3 giant cockroaches
  11 goblins
  2 hobgoblins
  4 jackals (D:2)
  14 kobolds
  3 quokkas
  6 bats
  5 frilled lizards
  5 rats
626 creatures vanquished.

Vanquished Creatures (others)
  15 fungi
  97 plants
112 creatures vanquished.

Grand Total: 738 creatures vanquished

Notes
Turn   | Place    | Note
-------+----------+-------------------------------------------
     0 | D:1      | Peloso the Minotaur Fighter began the quest for the Orb.
     0 | D:1      | Reached XP level 1. HP: 19/19 MP: 0/0
   415 | D:1      | Reached XP level 2. HP: 26/27 MP: 1/1
   704 | D:2      | Reached XP level 3. HP: 31/33 MP: 2/2
  1125 | D:2      | Reached skill level 4 in Shields
  1585 | D:3      | Reached XP level 4. HP: 40/40 MP: 3/3
  1911 | D:3      | HP: 2/40 [something/magic dart (4)]
  2133 | D:3      | Found Nikhlir's Weapon Shoppe.
  2191 | D:3      | Noticed Natasha
  2199 | D:3      | Killed Natasha
  2200 | D:3      | Reached XP level 5. HP: 33/46 MP: 4/4
  2291 | D:3      | Noticed Sigmund
  2304 | D:3      | Killed Sigmund
  2305 | D:3      | Reached skill level 5 in Long Blades
  2305 | D:3      | Reached skill level 5 in Armour
  2305 | D:3      | Reached skill level 1 in Dodging
  2305 | D:3      | Reached XP level 6. HP: 43/52 MP: 5/5
  2383 | D:3      | Noticed Ijyb
  2399 | D:3      | Killed Ijyb
  2405 | D:3      | Noticed Natasha
  2456 | D:3      | Killed Natasha
  2679 | D:3      | Found a hide-covered altar of Uskayaw.
  2772 | D:3      | Noticed Natasha
  2780 | D:3      | Killed Natasha
  2858 | D:3      | Found a faded altar of an unknown god.
  2902 | D:4      | HP: 2/53 [gnoll (4)]
  3184 | D:4      | Identified a scroll of acquirement
  3199 | D:4      | Reached XP level 7. HP: 57/60 MP: 6/6
  3248 | D:4      | Found a staircase to the Ecumenical Temple.
  3261 | Temple   | Entered the Ecumenical Temple
  3382 | Temple   | Became a worshipper of Warmaster Okawaru
  3778 | D:4      | Found the +7 Kryia's mail coat {PotionHeal*2 rC+}
  3942 | D:5      | Entered Level 5 of the Dungeon
  4014 | D:5      | Identified the +5 dagger of Doom {flame, +Blink Int+3}
  4542 | D:5      | Reached skill level 5 in Fighting
  4542 | D:5      | Reached skill level 5 in Shields
  4692 | D:6      | Reached XP level 8. HP: 52/68 MP: 7/7
  4701 | D:6      | Reached * piety under Okawaru
  4889 | D:6      | Found an ancient bone altar of Kikubaaqudgha.
  4904 | D:6      | Noticed Pikel
  4920 | D:6      | Killed Pikel
  4920 | D:6      | Reached ** piety under Okawaru
  4921 | D:6      | Reached XP level 9. HP: 24/77 MP: 8/8
  5525 | D:6      | You fall into a shaft and drop 3 floors!
  5577 | D:9      | Reached skill level 10 in Long Blades
  5825 | D:9      | Reached *** piety under Okawaru
  6138 | D:9      | Found a sacrificial altar of Ru.
  6231 | D:9      | Reached skill level 6 in Shields
  6608 | D:6      | Noticed Blork the orc
  6615 | D:6      | Killed Blork the orc
  7364 | D:7      | Reached XP level 10. HP: 88/88 MP: 9/9
  7377 | D:7      | Reached **** piety under Okawaru
  8432 | D:8      | Found a sparkling altar of Nemelex Xobeh.
  8432 | D:8      | Found a broken altar of Ashenzari.
  8432 | D:8      | Noticed a two-headed ogre
  8443 | D:8      | Killed a two-headed ogre
  8444 | D:8      | Reached skill level 1 in Stealth
  8565 | D:8      | Found a white marble altar of Elyvilon.
  8711 | D:8      | Noticed a cyclops
  8718 | D:8      | Killed a cyclops
  8719 | D:8      | Reached skill level 5 in Dodging
  8753 | D:8      | Found Surobomea's Elemental Accessories.
  9170 | D:10     | Entered Level 10 of the Dungeon
  9187 | D:10     | Reached ***** piety under Okawaru
  9292 | D:10     | Reached skill level 7 in Shields
  9361 | D:10     | Reached skill level 10 in Armour
  9586 | D:10     | Found a staircase to the Orcish Mines.
  9639 | D:10     | Found Miant's Weapon Boutique.
  9757 | D:10     | Found a snail-covered altar of Cheibriados.
  9835 | D:10     | Reached XP level 11. HP: 65/97 MP: 10/10
 10241 | Orc:1    | Entered Level 1 of the Orcish Mines
 10279 | Orc:1    | Noticed a two-headed ogre
 10283 | Orc:1    | Noticed Snorg
 10292 | Orc:1    | Killed a two-headed ogre
 10292 | Orc:1    | Received a gift from Okawaru
 10301 | Orc:1    | Killed Snorg
 10328 | Orc:1    | Found Agraso Deoh's Jewellery Shop.
 10328 | Orc:1    | Found Qaenar's General Store.
 10392 | Orc:1    | Found Eczyac Piav's Magic Scroll Boutique.
 10433 | Orc:1    | Found a frozen archway.
 10466 | IceCv    | Entered an ice cave
 10711 | IceCv    | Reached skill level 8 in Shields
 11187 | IceCv    | Found an ancient bone altar of Kikubaaqudgha.
 11270 | IceCv    | Reached skill level 9 in Shields
 11313 | IceCv    | Reached skill level 10 in Fighting
 11342 | IceCv    | Identified the +9 crystal plate armour of Counwe {Str+4}
                  | (Okawaru gifted it to you in an ice cave)
 11342 | IceCv    | Received a gift from Okawaru
 11607 | IceCv    | Reached XP level 12. HP: 66/106 MP: 11/11
 11886 | IceCv    | Reached skill level 10 in Shields
 12134 | IceCv    | Reached skill level 1 in Invocations
 12332 | Orc:1    | Found Axabeplo's Distillery.
 12333 | Orc:1    | Bought a scroll of amnesia for 38 gold pieces
 12333 | Orc:1    | Bought a scroll of enchant weapon for 82 gold pieces
 12333 | Orc:1    | Bought a scroll of identify for 22 gold pieces
 12333 | Orc:1    | Bought a scroll of identify for 22 gold pieces
 12333 | Orc:1    | Bought a scroll of fog for 22 gold pieces
 12365 | Orc:1    | Bought a potion of mutation for 96 gold pieces
 12411 | Orc:1    | Found Oviler's Weapon Emporium.
 12544 | Orc:1    | Bought a potion of might for 56 gold pieces
 12544 | Orc:1    | Bought a potion of curing for 42 gold pieces
 12544 | Orc:1    | Bought a potion of curing for 42 gold pieces
 12544 | Orc:1    | Bought a potion of degeneration for 14 gold pieces
 13045 | D:11     | Noticed a two-headed ogre
 13056 | D:11     | Killed a two-headed ogre
 13153 | D:11     | Noticed a two-headed ogre
 13161 | D:11     | Killed a two-headed ogre
 13163 | D:11     | Found Ymuvo's Jewellery Shoppe.
 13380 | D:11     | Found a staircase to the Lair.
 13625 | D:11     | Noticed a boulder beetle
 13675 | D:11     | Killed a boulder beetle
 13675 | D:11     | Received a gift from Okawaru
 13676 | D:11     | Reached skill level 11 in Shields
 14051 | D:11     | Found Woeharghu's Antique Weapon Boutique.
 14177 | Lair:1   | Entered Level 1 of the Lair of Beasts
 14212 | Lair:1   | Noticed a seven-headed hydra
 14223 | Lair:1   | Killed a seven-headed hydra
 14927 | Lair:1   | Found an iron altar of Okawaru.
 15295 | Lair:1   | Reached skill level 1 in Short Blades
 15322 | Lair:1   | Received a gift from Okawaru
 15323 | Lair:1   | Reached skill level 12 in Shields
 16467 | Lair:2   | Found a hole to the Spider Nest.
 16475 | Lair:2   | Reached XP level 13. HP: 64/116 MP: 13/13
 17297 | Lair:2   | Noticed Fannar
 17309 | Lair:2   | Killed Fannar
 17549 | Lair:2   | You fall into a shaft and drop 1 floor!
 18259 | D:10     | Bought the +5 scimitar "Xiotapte" {protect, rF+ rCorr SInv
                  | Stlth+} for 789 gold pieces
 18311 | D:12     | Reached skill level 13 in Shields
 18352 | D:12     | Found a runed translucent door.
 18352 | D:12     | Found a runed translucent door.
 18809 | D:12     | Reached skill level 15 in Long Blades
 18903 | D:12     | Found a burning altar of Makhleb.
 19092 | D:12     | Noticed a lich
 19092 | D:12     | Noticed an ettin
 19093 | D:12     | Noticed Luph's ghost (journeyman SpEn)
 19093 | D:12     | Identified the +8 quarterstaff "Newt's Death Toll" {flame,
                  | Int+3}
 19426 | D:12     | Identified the +2 pair of gloves "Lunlo" {+Blink rElec MP+9
                  | Str-5} (Okawaru gifted it to you on level 12 of the
                  | Dungeon)
 19426 | D:12     | Received a gift from Okawaru
 20133 | Lair:3   | Reached ****** piety under Okawaru
 20153 | Lair:3   | Reached skill level 14 in Shields
 21197 | Lair:4   | Found a staircase to the Shoals.
 21208 | Lair:4   | Reached XP level 14. HP: 115/127 MP: 14/14
 21386 | Lair:4   | Noticed Rupert
 21402 | Lair:4   | Killed Rupert
 21520 | Lair:4   | Identified the +1 plate armour "Zagoil" {Rampage rF- Regen+
                  | SInv} (Okawaru gifted it to you on level 4 of the Lair of
                  | Beasts)
 21520 | Lair:4   | Received a gift from Okawaru
 21942 | Orc:2    | Entered Level 2 of the Orcish Mines
 21946 | Orc:2    | Found a staircase to the Elven Halls.
 21993 | Orc:2    | Noticed Donald
 22006 | Orc:2    | Killed Donald
 22007 | Orc:2    | Reached skill level 15 in Shields
 22205 | Orc:2    | Noticed a stone giant
 22235 | Orc:2    | Killed a stone giant
 22715 | Orc:2    | Found Tateamar's Distillery.
 22717 | Orc:2    | Found Wyitu's Distillery.
 22723 | Orc:2    | Found Kumih's Assorted Antiques.
 22724 | Orc:2    | Found Ebiqipp's Book Emporium.
 22735 | Orc:2    | Reached skill level 16 in Shields
 22761 | Orc:2    | Bought a potion of curing for 39 gold pieces
 22761 | Orc:2    | Bought a potion of heal wounds for 65 gold pieces
 23676 | D:13     | Identified the +2 ring mail of the Insatiable Tables {+Inv
                  | rC+ Int+2} (Okawaru gifted it to you on level 13 of the
                  | Dungeon)
 23676 | D:13     | Received a gift from Okawaru
 23791 | D:13     | Found a gate to the Vaults.
 24426 | D:13     | Reached skill level 10 in Dodging
 24767 | D:12     | Killed a lich
 24779 | D:12     | Killed Luph's ghost
 24795 | D:12     | Reached XP level 15. HP: 35/138 MP: 13/15
 25698 | D:14     | Reached skill level 17 in Shields
 25875 | D:14     | Received a gift from Okawaru
 26225 | D:14     | Found Reawut's General Store.
 26579 | D:15     | Entered Level 15 of the Dungeon
 26798 | D:15     | Found a staircase to the Depths.
 27217 | D:15     | Noticed Agnes
 27239 | D:15     | Killed Agnes
 27489 | D:15     | Found a sparkling altar of Nemelex Xobeh.
 27618 | D:15     | Identified the +3 scale mail of Freezing Fun {rN+++ Int-4
                  | Dex+4} (Okawaru gifted it to you on level 15 of the
                  | Dungeon)
 27618 | D:15     | Received a gift from Okawaru
 28062 | Lair:5   | Found a staircase to the Slime Pits.
 28973 | Lair:5   | Reached skill level 15 in Fighting
 29188 | Lair:6   | Entered Level 6 of the Lair of Beasts
 29329 | Lair:6   | Reached skill level 18 in Shields
 29341 | Lair:6   | HP: 6/141 [goliath frog (5)]
 29356 | Lair:6   | HP: 6/141 [goliath frog (3)]
 29357 | Lair:6   | HP: 1/141 [goliath frog (2)]
 29357 | Lair:6   | Splashed by a goliath frog's acid

Illustrated notes

Levels and vault maps discovered:
D:1:      erik_arrival_cave_to_civilisation [erik_arrival_cave_to_temple],
          layout_rooms
D:2:      layout_rooms, fountainhead, chequers_big_river
D:3:      layout_rooms, general_overflow_altar, serial_shops,
          nicolae_shop_bloodbath_and_beyond,
          shapermc_ecumenical_altar_mp_urbaneastern,
          chequers_serial_rivers_room_a, uniq_sigmund, uniq_natasha, uniq_ijyb
D:4:      layout_loops_ring, minmay_temple_entry_offerings,
          kennysheep_generic_room_10
D:5:      layout_basic
D:6:      cheibrodos_helix_gallery, layout_basic, mainiacjoe_overflow_catwalk,
          nrook_loot_triangle, dk_noncrumbling_3, nicolae_zen_rock_garden,
          st_stairs_3, minmay_misc_feat_chi, chequers_serial_rivers_micro_a,
          uniq_pikel, uniq_blork_the_orc
D:7:      layout_basic
D:8:      layout_loops_ring, nicolae_elyvilon_temple_path,
          gammafunk_temple_overflow_pools, nicolae_elemental_shop,
          amcnicky_mini_rare_corridor_liquid, st_stairs_9
D:9:      layout_roguey, lemuel_crystal_altar
D:10:     layout_basic, slow_altar_2, david_orc_3, serial_shops,
          nicolae_shop_advertising_works [nicolae_subvault_shop_adworks]
D:11:     layout_cross, david_lair_shrubbed, serial_shops,
          nicolae_stop_n_shop_2, shop, feat_on_display
D:12:     layout_stronghold, muffindrake_ghost_dual_entry, bloody_makhleb
D:13:     layout_basic, david_vaults_2, eino_jars
D:14:     layout_cave_pods, minmay_misc_feat_secret_circle, serial_shops,
          kennysheep_mini
D:15:     hangedman_depths_entry_civil_slaughter, layout_irregular_city,
          nemelex_spade_bored_becter, uniq_agnes
Temple:   regret_index_temple_generic_petals
Lair:1:   layout_hall_layers, special_room, lemuel_centaur_altar,
          grunt_megastairs_1
Lair:2:   layout_gridlike, nicolae_spider_entry_tight_spaces,
          guppyfry_lair_drakes, serial_bayou_shore_b, uniq_fannar
Lair:3:   layout_loops_ring
Lair:4:   layout_hall_layers, minmay_shoals_entry_beasts, serial_bayou_crossing,
          uniq_rupert
Lair:5:   layout_regular_city, slime_dummy, minmay_stone_trees_small,
          serial_bayou_shore_a
Lair:6:   minmay_lair_end_frog_pond, layout_hall_layers, enter_volcano_1,
          uniq_nessos
Orc:1:    layout_caves, portal_ice_cave_demonic_guard, serial_shops, shop,
          nicolae_shop_trees, shop, shop, shop, uniq_snorg
Orc:2:    st_orc_open, layout_caves, uniq_donald

Skill      XL: |  1  2  3  4  5  6  7  8  9 10 11 12 13 14 15 |
---------------+----------------------------------------------+-----
Long Blades    | 3 4 5 6 7 9 11 13 14 15 16 17 | 17.0
Armour         | 4 5 6 7 9 10 11 12 13 | 13.0
Shields        | 4 5 6 7 9 12 14 16 18 | 18.0
Fighting       | 4 5 6 7 9 10 11 12 14 15 | 15.1
Dodging        | 1 2 3 4 5 6 8 9 10 | 10.6
Stealth        | 2 3 4 |  4.6
Invocations    | 1 |  1.9
Short Blades   | 2 4 |  4.2
Unarmed Combat | |  0.3
Evocations     | |  0.9

Action                   |  1- 3 |  4- 6 |  7- 9 | 10-12 | 13-15 || total
-------------------------+-------+-------+-------+-------+-------++-------
Melee: Long sword        |   110 |   115 |   259 |   508 |    44 ||  1036
       Headbutt          |    10 |    19 |    53 |   168 |   308 ||   558
       Unarmed           |       |     9 |       |       |       ||     9
       Dagger            |       |       |       |   176 |    73 ||   249
       Scimitar          |       |       |       |       |   961 ||   961
Invok: Heroism           |       |       |       |    17 |     7 ||    24
Evoke: Wand              |       |       |     2 |     5 |     3 ||    10
  Use: Scroll            |     1 |     1 |     3 |    14 |     4 ||    23
       Potion            |       |     3 |       |     6 |     2 ||    11
 Stab: Sleeping          |       |       |       |       |    12 ||    12
       Distracted        |       |       |       |       |     3 ||     3
Armor: Scale mail        |    56 |    65 |   120 |   239 |   301 ||   781
Dodge: Dodged            |    71 |    51 |   151 |   298 |   425 ||   996
Block: Buckler           |    31 |    20 |    63 |    19 |       ||   133
       Tower shield      |       |       |       |   531 |  1139 ||  1670

Table legend: (Time is in decaauts)
 A = Elapsed time spent in this place.
 B = Non-inter-level travel time spent in this place.
 C = Inter-level travel time spent in this place.
 D = Time resting spent in this place.
 E = Time spent auto-exploring this place.
 F = Levels seen in this place.
 G = Mean time per level.
                   A        B        C        D        E       F      G
               +--------+--------+--------+--------+--------+-----+--------+
         Total |  29279 |  27418 |   1861 |   2280 |  18823 |  25 | 1171.2 |
       Dungeon |  17616 |  16266 |   1350 |   1097 |  11929 |  15 | 1174.4 |
        Temple |    145 |    145 |      0 |      0 |    104 |   1 |  145.0 |
          Lair |   7456 |   7021 |    435 |      0 |   5470 |   6 | 1242.7 |
  Orcish Mines |   2226 |   2152 |     74 |    288 |    880 |   2 | 1113.0 |
      Ice Cave |   1834 |   1834 |      0 |    895 |    439 |   1 | 1834.0 |
               +--------+--------+--------+--------+--------+-----+--------+

Top non-repeatable levels by time:
  Lair:2: 2256 daAuts
    D:12: 1983 daAuts
   IceCv: 1834 daAuts
  Lair:1: 1745 daAuts
     D:6: 1649 daAuts
    D:11: 1338 daAuts
    D:14: 1325 daAuts
   Orc:2: 1315 daAuts
    D:15: 1246 daAuts
  Lair:3: 1212 daAuts
     D:2: 1196 daAuts
    D:10: 1195 daAuts
    D:13: 1190 daAuts
  Lair:5: 1128 daAuts
     D:8: 1096 daAuts
